 Dungeon Crawl Stone Soup version 0.27-a0-1301-g128193abf8 (console) character file.

Game seed: 18100803952816789859

23 jejorda2 the Slasher (level 2, -4/24 HPs)
             Began as a Merfolk Berserker on June 17, 2021.
             Was a Follower of Trog.
             Slain by Natasha (5 damage)
             ... on level 2 of the Dungeon.
             The game lasted 00:02:04 (1227 turns).

jejorda2 the Slasher (Merfolk Berserker)            Turns: 1227, Time: 00:02:05

Health: -4/24      AC:  2    Str: 17    XL:     2   Next: 95%
Magic:  2/2        EV: 12    Int:  6    God:    Trog [*.....]
Gold:   41         SH:  0    Dex: 13    Spells: 1/1 levels left

rFire    . . .     SeeInvis .   a - +0 falchion
rCold    . . .     Faith    .   (no shield)
rNeg     . . .     Spirit   .   b - +0 animal skin
rPois    .         Reflect  .   (no helmet)
rElec    .         Harm     .   (no cloak)
rCorr    .         Rampage  .   (no gloves)
Will     .....                  (no boots)
Stlth    +.........             c - amulet of the acrobat
HPRegen  0.08/turn              (no ring)
MPRegen  0.08/turn              (no ring)

@: no status effects
A: (nimble swimmer 2), mertail
a: Renounce Religion, Berserk


You were on level 2 of the Dungeon.
You worshipped Trog.
Trog was aware of your devotion.
You visited 1 branch of the dungeon, and saw 2 of its levels.

You collected 65 gold pieces.
You spent 24 gold pieces at shops.

Inventory:

Hand Weapons
 a - a +0 falchion (weapon)
Armour
 b - a +0 animal skin (worn)
Jewellery
 c - an amulet of the acrobat (around neck)
Scrolls
 d - 3 scrolls of identify
Potions
 e - a potion of mutation
 f - a potion of ambrosia


   Skills:
 + Level 3.6 Fighting
 * Level 3.9 Long Blades
 + Level 1.7 Armour
 - Level 2.6 Dodging


You had one spell level left.
You didn't know any spells.
Your spell library was empty.

Dungeon Overview and Level Annotations

Branches:
Dungeon (2/15)

Altars:

Shops:
D:1 ?

Annotations:
D:2 Natasha


Innate Abilities, Weirdness & Mutations

((You are quick and stealthy near water. (Stealth+, EV+, Speed+++)))
Your lower body shifts to a powerful aquatic tail in water.


Message History

You barely miss the kobold. You closely miss the kobold.
The kobold closely misses you.
You riposte.
You barely miss the kobold. You barely miss the kobold.
The kobold hits you with a +0 short sword.
You hit the kobold.
You kill the kobold!
Trog accepts your kill.
No target in view!
No target in view!
HP restored.
Items here: ( ) †.
There is a stone staircase leading down here.
Natasha, Servant of Life and Death comes into view.
A frilled lizard comes into view.
Natasha hisses angrily.
Natasha casts a spell at you. The magic dart hits you!
A rat comes into view.
You miss Natasha.
Natasha stares at you and mumbles some strange words.
The magic dart hits you!
* * * LOW HITPOINT WARNING * * *
You miss Natasha. Natasha barely misses you.
You riposte.
You barely miss Natasha.
Natasha wildly gestures.
Natasha shimmers violently.
Natasha barely misses you.
You closely miss Natasha. Natasha barely misses you.
You riposte.
You hit Natasha.
Natasha is moderately wounded.
You hit Natasha but do no damage.
Natasha is moderately wounded.
The rat closely misses you. Natasha claws you.
* * * LOW HITPOINT WARNING * * *
The rat closely misses you.
You miss Natasha.
Natasha is moderately wounded.
Natasha claws you.
You die...

#...<...#
#.......#
#...)...#
##......# ##...#.#
#. ##..###.#
##..###.>## #
........#####.#..#
####.....h@r.....#
##....###..##..
#...... ...#
#........ #.#
#........l# #
#.........#
....r.....#
..#........#


You could see Natasha and a rat.

Vanquished Creatures
  2 bats (D:1)
  A giant cockroach (D:1)
  3 goblins (D:1)
  2 hobgoblins (D:1)
  4 jackals (D:1)
  4 kobolds
  A quokka (D:1)
  2 rats (D:1)
19 creatures vanquished.

Notes
Turn   | Place    | Note
-------+----------+-------------------------------------------
     0 | D:1      | jejorda2 the Merfolk Berserker began the quest for the Orb.
     0 | D:1      | Reached XP level 1. HP: 18/18 MP: 1/1
   496 | D:1      | Reached XP level 2. HP: 24/24 MP: 2/2
   985 | D:1      | Found Mul Ibuhic's Magic Scroll Boutique.
   992 | D:1      | Bought a scroll of identify for 24 gold pieces
  1216 | D:2      | Noticed Natasha
  1226 | D:2      | HP: 1/24 [Natasha (4)]
  1227 | D:2      | Slain by Natasha

Illustrated notes

Levels and vault maps discovered:
D:1:      heliophobic_arrival_dark_side_of_the_moon, layout_loops_ring,
          serial_shops, shop, chequers_decorated_corner
D:2:      layout_rooms, shapermc_ecumenical_altar_gd, uniq_natasha

Action                   || total
-------------------------++-------
Melee: Falchion          ||    75
Invok: Berserk           ||     1
  Use: Scroll            ||     2
Armor: Animal skin       ||     9
Dodge: Dodged            ||    53
       Rpst.: Falchion   ||    22

Table legend: (Time is in decaauts)
 A = Elapsed time spent in this place.
 B = Non-inter-level travel time spent in this place.
 C = Inter-level travel time spent in this place.
 D = Time resting spent in this place.
 E = Time spent auto-exploring this place.
 F = Levels seen in this place.
 G = Mean time per level.
                   A        B        C        D        E       F      G
               +--------+--------+--------+--------+--------+-----+--------+
         Total |   1244 |   1225 |     19 |    232 |    840 |   2 |  622.0 |
       Dungeon |   1244 |   1225 |     19 |    232 |    840 |   2 |  622.0 |
               +--------+--------+--------+--------+--------+-----+--------+

Top non-repeatable levels by time:
     D:1: 1182 daAuts
     D:2: 61 daAuts
